 Dungeon Crawl Stone Soup version 0.19-a0-994-g3c636f0 (webtiles) character file.

58 matakusis the Ducker (level 3, -1/28 HPs)
             Began as a Demonspawn Gladiator on July 16, 2016.
             Slain by matakusis's ghost (2 damage)
             ... on level 3 of the Dungeon.
             The game lasted 00:05:36 (1476 turns).

matakusis the Ducker (Demonspawn Gladiator)         Turns: 1476, Time: 00:05:38

Health: -1/28      AC:  6    Str: 15    XL:     3   Next: 76%
Magic:  0/3        EV: 13    Int:  9    God:
Gold:   93         SH:  0    Dex: 14    Spells: 0 memorised, 2 levels left

rFire  . . .     SeeInvis +     a - +0 long sword
rCold  + . .     Gourm    .     q - +0 leather armour {rC+}
rNeg   . . .     Faith    .     (no shield)
rPois  .         Spirit   +     c - +0 helmet
rElec  .         Dismiss  .     h - +0 cloak
rCorr  .         Reflect  .     (no gloves)
SustAt +         Harm     .     (no boots)
MR     .....                    (no amulet)
Stlth  +.........               v - ring of see invisible
                                g - ring of sustain attributes

@: not resistant to hostile enchantments, very unstealthy
A: icy blue scales 1, magic shield
a: no special abilities


You were on level 3 of the Dungeon.
You were near starving.

You visited 1 branch of the dungeon, and saw 3 of its levels.

You collected 93 gold pieces.

Inventory:

Hand Weapons
 a - a +0 long sword (weapon)
Missiles
 d - 4 throwing nets (quivered)
Armour
 c - a +0 helmet (worn)
 h - a +0 cloak (worn)
 q - a +0 leather armour of cold resistance (worn)
Jewellery
 g - a ring of sustain attributes (left hand)
 v - a ring of see invisible (right hand)
Scrolls
 i - a scroll of identify
 j - a scroll of blinking {unknown}
 m - a scroll of teleportation
 n - 2 scrolls of remove curse
 p - 3 scrolls of amnesia
Potions
 e - a potion of resistance
 o - a potion of berserk rage
 s - a potion of brilliance
Books
 b - a Young Poisoner's Handbook

   Spells                             Type                      Level
   a - Sting                          Conjuration/Poison           1
   b - Mephitic Cloud                 Conjuration/Poison/Air       3
   c - Olgreb's Toxic Radiance        Poison                       4
   d - Alistair's Intoxication        Transmutation/Poison         5
   e - Venom Bolt                     Conjuration/Poison           5
Comestibles
 f - 4 bread rations
 l - a beef jerky
 r - 2 fruits


   Skills:
 * Level 2.6 Fighting
 + Level 3.2 Long Blades
 - Level 1.9 Throwing
 * Level 3.4 Dodging


You had 2 spell levels left.
You didn't know any spells.

Dungeon Overview and Level Annotations

Branches:
Dungeon (3/15)

Altars:
Elyvilon

Annotations:
D:3 matakusis's ghost, amateur DsGl


Innate Abilities, Weirdness & Mutations

You are partially covered in icy blue scales. (AC +1)
When hurt, damage is shared between your health and your magic reserves.


Message History

Unknown command.
Drop what? 21/52 slots (_ for help) (? for menu, Esc to quit)
You drop a Grand Grimoire.
You drop a wand of polymorph.
Matakusis's ghost (amateur Demonspawn Gladiator) comes into view.
Matakusis's ghost turns its malevolent gaze towards you.
Okay, then.
Matakusis's ghost hits you.
You miss matakusis's ghost. Matakusis's ghost closely misses you.
You barely miss matakusis's ghost. Matakusis's ghost hits you.
Matakusis's ghost barely misses you.
You riposte.
You barely miss matakusis's ghost. You barely miss matakusis's ghost.
Matakusis's ghost hits you.
You closely miss matakusis's ghost. Matakusis's ghost hits you!
You barely miss matakusis's ghost. Matakusis's ghost hits you!
* * * LOW HITPOINT WARNING * * *
You hit matakusis's ghost but do no damage.
Matakusis's ghost misses you.
You riposte.
You barely miss matakusis's ghost. Matakusis's ghost hits you.
You die...

..........
.................
#.................
#..................
###..................
#....................
#...W.#..............
#...@................
###........<.........
#...)..#...........
#......##..........
#..../.##..........
##......#.#........
#........########.
#......### #......#


You could see matakusis's ghost.

Vanquished Creatures
  An adder (D:2)
  An ooze (D:1)
  A worm (D:2)
  A dart slug (D:3)
  4 giant geckos
  A giant cockroach (D:2)
  5 hobgoblins
  3 jackals (D:1)
  4 bats
  2 goblins (D:2)
  4 kobolds
  9 rats
36 creatures vanquished.

Notes
Turn   | Place    | Note
-------+----------+-------------------------------------------
     0 | D:1      | matakusis the Demonspawn Gladiator began the quest for the Orb.
     0 | D:1      | Reached XP level 1. HP: 16/16 MP: 1/1
    69 | D:1      | Gained mutation: When hurt, damage is shared between your health and your magic reserves. [demonic ancestry]
    69 | D:1      | Reached XP level 2. HP: 17/22 MP: 2/2
   493 | D:1      | Gained mutation: You are partially covered in icy blue scales. (AC +1) [demonic ancestry]
   493 | D:1      | Reached XP level 3. HP: 28/28 MP: 3/3
  1297 | D:2      | Found a white marble altar of Elyvilon.
  1467 | D:3      | Noticed matakusis's ghost (amateur DsGl)
  1475 | D:3      | HP: 1/28 [matakusis's ghost (11)]
  1476 | D:3      | Slain by matakusis's ghost

Vault maps used:
D:1:      onia_arrival_pentagram
D:2:      elyvilon_altar_1

Skill      XL: |  1  2 |
---------------+-------+-----
Long Blades    | 3 |  3.2
Dodging        | 3 |  3.4
Fighting       | |  2.6
Throwing       | |  1.9

Action                   || total
-------------------------++-------
Melee: Long sword        ||   116
  Use: Scroll            ||     8
Armor: Leather armour    ||    33
Dodge: Dodged            ||    64
